 Dungeon Crawl Stone Soup version 0.31-a0-222-gefeffbb62a (webtiles) character file.

Game seed: 13129075839672653148

75 qw the Chopper (level 4, -1/28 HPs)
             Began as a Gargoyle Fighter on July 4, 2023.
             Slain by a hobgoblin (3 damage)
             ... led by Robin
             ... on level 2 of the Dungeon.
             The game lasted 00:00:32 (1085 turns).

qw the Chopper (Gargoyle Fighter)                   Turns: 1085, Time: 00:00:32

Health: -1/28      AC: 10    Str: 21    XL:     4   Next: 31%
Magic:  4/4        EV:  9    Int:  9    God:
Gold:   143        SH:  4    Dex:  9    Spells: 3/3 levels left

rFire   . . .        Y - +0 war axe
rCold   . . .        c - +0 buckler
rNeg    + . .        b - +0 scale mail
rPois   inf          (no helmet)
rElec   +            (no cloak)
rCorr   .            (no gloves)
SInv    .            (no boots)
Will    .....        (no amulet) Stlth
                     (no ring)
HPRegen 0.24/turn    (no ring)
MPRegen 0.09/turn

%: no passive effects
@: no status effects
A: sickness immunity, AC +3, negative energy resistance 1, electricity
resistance, torment resistance 1, petrification resistance
a: no special abilities


You were on level 2 of the Dungeon.
You visited 1 branch of the dungeon, and saw 2 of its levels.

You collected 143 gold pieces.


Innate Abilities, Weirdness & Mutations

You are immune to sickness and miasma.
Your stone body is resilient. (AC +3)
You are immune to poison.
You resist negative energy. (rN+)
You are resistant to electric shocks. (rElec)
You are resistant to unholy torment.
You are immune to petrification.


   Skills:
 - Level 3.2 Fighting
 + Level 4.0 Axes
 - Level 3.2 Armour
 - Level 3.2 Shields


You had 3 spell levels left.
You didn't know any spells.
Your spell library was empty.

Inventory:

Hand Weapons
 f - a +1 whip of flaming
 Y - a +0 war axe (weapon)
Armour
 a - a +0 chain mail
 b - a +0 scale mail (worn)
 c - a +0 buckler (worn)
Scrolls
 g - 2 scrolls of identify
Potions
 d - 2 potions of might
 e - a potion of mutation {unknown}
 h - a potion of degeneration {unknown}
 j - a potion of curing
 l - a potion of lignification {unknown}

Dungeon Overview and Level Annotations

Branches:
Dungeon (2/15)

Altars:


Message History

The hobgoblin barely misses you.
Your Axes skill increases to level 4!
You hit Robin but do no damage.
Robin is heavily wounded.
You barely miss the hobgoblin. You closely miss the goblin.
You barely miss the goblin. You closely miss the goblin.
The goblin barely misses you. The goblin hits you with a +0 club.
The hobgoblin closely misses you. Robin throws the goblin at you!
The goblin unwields a +0 sling.
The goblin wields a +0 club.
The goblin completely misses you.
You hit Robin.
Robin is severely wounded.
You barely miss the goblin. You closely miss the hobgoblin.
You barely miss the goblin. You slash the goblin!
You kill the goblin!
The goblin hits you but does no damage. Robin throws the goblin at you!
The hobgoblin hits you but does no damage.
The goblin closely misses you.
You barely miss Robin.
Robin is severely wounded.
You hit the hobgoblin. You closely miss the goblin. You hit the goblin.
The goblin hits you with a +0 club. You block Robin's attack.
The hobgoblin hits you but does no damage.
The goblin hits you with a +0 club. The goblin hits you but does no damage.
The hobgoblin barely misses you. Robin hits you but does no damage.
You hit the goblin.
You kill the goblin!
You closely miss the hobgoblin. You closely miss the goblin. You hit Robin.
Robin hits you but does no damage. The hobgoblin hits you.
The goblin closely misses you.
You hit Robin.
Robin is almost dead.
You hit the hobgoblin but do no damage. You slash the goblin!
You kill the goblin!
Robin hits you but does no damage. The hobgoblin barely misses you.
You hit Robin.
You kill Robin!
You hit the hobgoblin. The hobgoblin hits you.
You die...

#...####...##
######...##......#
#.........#......#
#.........#......#
#.........#......#
#.........########
#.........#
######)........#
......)@)..#####
......))g#.....
.........#+####
..........
...........
............
########..... #
###### # #


You could see a hobgoblin (strong).

Vanquished Creatures
  Jessica (D:2)
  Robin (D:2)
  A worm (D:2)
  A dart slug (D:2)
  5 ball pythons
  4 bats
  An endoplasm (D:2)
  2 giant cockroaches
  3 hobgoblins
  5 kobolds
  3 quokkas
  9 goblins (D:2)
  3 rats
39 creatures vanquished.

Notes
Turn   | Place    | Note
-------+----------+-------------------------------------------
     0 | D:1      | qw the Gargoyle Fighter began the quest for the Orb.
     0 | D:1      | Reached XP level 1. HP: 14/14 MP: 1/1
     0 | D:1      | 0 ||| qw: Version: 0.3-a-46-gb1f654a
     0 | D:1      | 0 ||| qw: Game counter: 868
     0 | D:1      | 0 ||| qw: Melee chars always use a shield: true
     0 | D:1      | 0 ||| qw: God list: Okawaru
     0 | D:1      | 0 ||| qw: Allow faded altars: false
     0 | D:1      | 0 ||| qw: Do Orc after clearing Dungeon:15 true
     0 | D:1      | 0 ||| qw: Do second Lair branch before Depths: true
     0 | D:1      | 0 ||| qw: Lair rune preference: random
     0 | D:1      | 0 ||| qw: Goals: Normal, Zot:1-4, Slime:5, God:TSO, Crypt,
                  | Tomb, Abyss, Pan, Hells, Win
     0 | D:1      | 0 ||| PLANNING D:1-11
    61 | D:1      | Reached skill level 2 in Axes
    63 | D:1      | 63 ||| DROPPING +0 club.
   187 | D:1      | Reached XP level 2. HP: 18/19 MP: 2/2
   398 | D:1      | 398 ||| Stepping ~*~*~tactically~*~*~ (hiding).
   845 | D:1      | 845 ||| READING scroll labelled SITTUA CAJEFOK.
   846 | D:1      | 846 ||| READING 2 scrolls labelled JAUJACHAKI.
   847 | D:1      | 847 ||| READING scroll labelled LOBOCR FEIM.
   848 | D:1      | 848 ||| READING scroll labelled FIPLOI EKATUR.
   849 | D:1      | 849 ||| DRINKING 2 pink potions.
   869 | D:2      | Reached skill level 3 in Axes
   889 | D:2      | Reached XP level 3. HP: 23/23 MP: 3/3
   992 | D:2      | Noticed Jessica
  1003 | D:2      | Killed Jessica
  1004 | D:2      | Reached XP level 4. HP: 22/28 MP: 4/4
  1065 | D:2      | 1065 ||| Stepping ~*~*~tactically~*~*~ (hiding).
  1070 | D:2      | Noticed Robin
  1080 | D:2      | Reached skill level 4 in Axes
  1082 | D:2      | HP: 7/28 [goblin/+0 club[Robin] (5)]
  1082 | D:2      | HP: 3/28 [goblin/+0 club[Robin] (4)]
  1085 | D:2      | Killed Robin
  1085 | D:2      | Slain by a hobgoblin

Levels and vault maps discovered:
D:1:      mrwooster_arrival_statue_2, layout_loops_ring,
          kennysheep_another_room, minmay_split_cup_large
D:2:      layout_basic, basic_altar, st_stairs_4, uniq_jessica, uniq_robin,
          uniq_terence

Skill      XL: |  1  2  3  4 |
---------------+-------------+-----
Axes           | 2 3 4 |  4.0
Fighting       | |  3.2
Armour         | |  3.2
Shields        | |  3.2

Action                     |  1- 3 |  4- 6 || total
---------------------------+-------+-------++-------
  Melee: War axe           |    63 |    22 ||    85
    Use: Scroll            |     4 |       ||     4
         Potion            |     1 |       ||     1
 Armour: Scale mail        |    36 |    20 ||    56
  Dodge: Dodged            |    35 |    21 ||    56
  Block: Buckler           |    12 |     4 ||    16

Table legend:
 A = Non-vault XP
 B = Vault XP
 C = Vault XP percentage of total XP
 D = Non-vault monster count
 E = Vault monster count
 F = Vault count percentage of total count
                 A         B        C        D         E       F
            +---------+---------+-------+---------+---------+-------
      Total |      42 |      82 |  66.1 |      22 |      17 |  43.6
            +---------+---------+-------+---------+---------+-------
        D:1 |      18 |       8 |  30.8 |      11 |       4 |  26.7
        D:2 |      24 |      74 |  75.5 |      11 |      13 |  54.2
            +---------+---------+-------+---------+---------+-------
